 Dungeon Crawl Stone Soup version 0.21.0-25-ge575cb9ce8 (webtiles) character file.

51 Hat the Chopper (level 3, -2/36 HPs)
             Began as a Deep Dwarf Berserker on Jan 26, 2018.
             Was a Believer of Trog.
             Killed from afar by an orc wizard (10 damage)
             ... with a puff of flame
             ... on level 3 of the Dungeon.
             The game lasted 00:09:11 (1186 turns).

Hat the Chopper (Deep Dwarf Berserker)              Turns: 1186, Time: 00:09:11

Health: -2/36      AC:  6    Str: 21    XL:     3   Next: 57%
Magic:  3/3        EV:  8    Int:  5    God:    Trog [**....]
Gold:   112        SH:  0    Dex: 12    Spells: 2/2 levels left

rFire    . . .     SeeInvis .   a - +0 hand axe
rCold    . . .     Gourm    .   (no shield)
rNeg     . . .     Faith    .   d - +0 chain mail
rPois    .         Spirit   .   (no helmet)
rElec    .         Reflect  .   (no cloak)
rCorr    .         Harm     .   (no gloves)
MR       ++...                  (no boots)
Stlth    ..........             (no amulet)
HPRegen  1.00/turn              l - -2 ring of protection (curse)
MPRegen  0.08/turn              (no ring)

@: non-regenerating
A: damage resistance, heal wounds, dopey 1, sense surroundings 1, robust 1, no
regeneration
a: Heal Wounds, Berserk, Trog's Hand, Burn Spellbooks, Renounce Religion


You were on level 3 of the Dungeon.
You worshipped Trog.
Trog was pleased with you.
You were hungry.

You visited 1 branch of the dungeon, and saw 3 of its levels.

You collected 112 gold pieces.

Inventory:

Hand Weapons
 a - a +0 hand axe (weapon)
Armour
 d - a +0 chain mail (worn)
Jewellery
 l - a cursed -2 ring of protection (left hand)
Scrolls
 b - a scroll of teleportation
 e - a scroll of identify
Potions
 h - a potion of heal wounds
 j - a potion of brilliance
 k - a potion of invisibility
 n - a potion of mutation
Comestibles
 c - 5 rations
 f - 2 chunks of flesh


   Skills:
 - Level 2.7 Fighting
 * Level 5.1 Axes
 - Level 2.2 Armour
 - Level 2.2 Dodging


You had 2 spell levels left.
You didn't know any spells.

Dungeon Overview and Level Annotations

Branches:
Dungeon (3/15)

Altars:
Fedhas


Innate Abilities, Weirdness & Mutations

You are resistant to damage.
You can heal yourself by infusing magical energy.
You passively map a small area around you.
You do not regenerate.
You are dopey. (Int -2)
You are robust. (+10% HP)


Message History

The orc wizard hits you but does no damage.
The orc wizard barely misses you.
You hit the orc wizard but do no damage.
The orc wizard is severely wounded.
The orc wizard hits you but does no damage.
You barely miss the orc wizard.
The orc wizard is severely wounded.
You feel the effects of Trog's Hand fading.
The orc wizard barely misses you.
The orc priest mumbles some strange prayers to Beogh against you.
Beogh smites you!
* * * LOW HITPOINT WARNING * * *
The orc wizard hits you with a dagger.
* * * LOW HITPOINT WARNING * * *
You hit the orc wizard but do no damage.
The orc wizard is heavily wounded.
The orc wizard closely misses you. The orc wizard casts a spell at you.
The puff of flame hits you!
You die...

**,*****,,,,,,,,*
*,*,,,,,,,, *,*
*,,,,...,****,*,****,,,
*,*
*#.#*#..,,,,,,*........
*,* #.#
#.#,***####....... *,*
#.# #.#,,,,#..+.......
*,*
#.###o##**,#.##.......
*,*
#.#,ooo,,,,#.##.......
*,*
#.#*#o#****#.##.......
*,######.###@#
#.##.......
*,#.........)#
#.##.......
*,#.####.#####
#.##....... *,*,*
#.#...# #.#########
*,*,***#.#.#.######'###
*,*,,,,#.#............#
*,****,#.#............#
*,,,,,,#.#.######.....#
*******#.########.....#


You could see an orc priest, an orc wizard and 3 orcs.

Vanquished Creatures
  An adder (D:3)
  A dart slug (D:2)
  3 leopard geckos
  4 orcs (D:3)
  A giant cockroach (D:1)
  A goblin (D:1)
  3 hobgoblins (D:1)
  6 bats
  4 frilled lizards
  3 kobolds
  8 rats
35 creatures vanquished.

Notes
Turn   | Place    | Note
-------+----------+-------------------------------------------
     0 | D:1      | Hat the Deep Dwarf Berserker began the quest for the Orb.
     0 | D:1      | Reached XP level 1. HP: 20/20 MP: 1/1
   211 | D:1      | Reached XP level 2. HP: 14/27 MP: 2/2
   233 | D:1      | Reached skill level 4 in Axes
   289 | D:1      | Gained mutation: You are dopey. (Int -2) [potion of mutation]
   289 | D:1      | Gained mutation: You are robust. (+10% HP) [potion of mutation]
   706 | D:2      | Found a blossoming altar of Fedhas.
   844 | D:3      | Reached XP level 3. HP: 25/36 MP: 3/3
   977 | D:3      | Reached ** piety under Trog
  1163 | D:3      | Reached skill level 5 in Axes
  1186 | D:3      | Killed from afar by an orc wizard

Skill      XL: |  1  2  3 |
---------------+----------+-----
Axes           | 4 5 |  5.1
Fighting       | |  2.7
Armour         | |  2.2
Dodging        | |  2.2

Action                   || total
-------------------------++-------
Melee: Hand axe          ||   172
Invok: Trog's Hand       ||     1
  Use: Potion            ||     7
       Scroll            ||     6
 Stab: Invisible         ||     2
  Eat: Chunk             ||     1
Armor: Chain mail        ||    93
Dodge: Dodged            ||    77
